 Dungeon Crawl Stone Soup version 0.22-a0-407-gb098539 (webtiles) character file.

67 wazuzu the Digger (level 4, -1/32 HPs)
             Began as a Gnoll Wanderer on May 9, 2018.
             Slain by a gnoll
             ... wielding a +0 flail
              (6 damage)
             ... on level 2 of the Dungeon.
             The game lasted 00:06:07 (1534 turns).

wazuzu the Digger (Gnoll Wanderer)                  Turns: 1534, Time: 00:06:08

Health: -1/32      AC:  2    Str: 11    XL:     4   Next: 18%
Magic:  1/11       EV: 12    Int: 19    God:
Gold:   134        SH:  0    Dex: 14    Spells: 11/13 levels left

rFire    . . .     SeeInvis .   e - +0 dagger
rCold    . . .     Gourm    .   (no shield)
rNeg     . . .     Faith    .   d - +0 robe
rPois    .         Spirit   .   (no helmet)
rElec    .         Reflect  .   (no cloak)
rCorr    .         Harm     .   (no gloves)
MR       .....                  (no boots)
Stlth    ++........             (no amulet)
HPRegen  0.10/turn              (no ring)
MPRegen  0.12/turn              (no ring)

@: no status effects
A: distributed training, fangs 1, strong nose
a: no special abilities


You were on level 2 of the Dungeon.
You were not hungry.

You visited 1 branch of the dungeon, and saw 2 of its levels.

You collected 134 gold pieces.

Inventory:

Hand Weapons
 e - a +0 dagger (weapon)
Armour
 d - a +0 robe (worn)
Scrolls
 a - a scroll of identify {unknown}
 g - a scroll of remove curse {unknown}
 l - a scroll of teleportation {unknown}
Potions
 b - a potion of cancellation {unknown}
 c - 3 potions of magic {unknown}
 h - a potion of invisibility {unknown}
 i - 3 potions of mutation {unknown}
 j - a potion of degeneration {unknown}
 k - a potion of heal wounds {unknown}
Comestibles
 f - 7 rations


   Skills:
 + Level 1.0 Fighting
 + Level 1.0 Short Blades
 + Level 1.0 Long Blades
 + Level 1.0 Axes
 + Level 1.0 Maces & Flails
 + Level 1.0 Polearms
 + Level 1.0 Staves
 + Level 1.0 Slings
 + Level 1.0 Bows
 + Level 1.0 Crossbows
 + Level 4.6 Throwing
 + Level 1.0 Armour
 + Level 1.0 Dodging
 + Level 1.0 Stealth
 + Level 1.0 Shields
 + Level 1.0 Unarmed Combat
 + Level 5.0 Spellcasting
 + Level 0.8 Conjurations
 + Level 0.8 Hexes
 + Level 0.8 Charms
 + Level 0.8 Summonings
 + Level 3.8 Necromancy
 + Level 0.8 Translocations
 + Level 0.8 Transmutations
 + Level 0.8 Fire Magic
 + Level 2.2 Ice Magic
 + Level 0.8 Air Magic
 + Level 5.4 Earth Magic
 + Level 0.8 Poison Magic
 + Level 1.1 Invocations
 + Level 1.0 Evocations


You had 11 spell levels left.
You knew the following spells:

 Your Spells              Type           Power        Failure   Level  Hunger
a - Magic Dart            Conj           #...         9%          1    None
b - Freeze                Ice            ##..         4%          1    None


Dungeon Overview and Level Annotations

Branches:
Dungeon (2/15)

Altars:


Innate Abilities, Weirdness & Mutations

Your experience applies equally to all skills.
You have very sharp teeth.
Your uncanny sense of smell can sniff out nearby items.


Message History

The gnoll hits you with a whip.
You hit the gnoll but do no damage. You bite the gnoll.
The gnoll is almost dead.
The gnoll barely misses you.
You hit the gnoll but do no damage.
The gnoll is almost dead.
The gnoll closely misses you.
You closely miss the gnoll.
The gnoll is almost dead.
The gnoll hits you with a whip.
* * * LOW HITPOINT WARNING * * *
Casting: Freeze (safe; 4% risk of failure)
Confirm with . or Enter, or press ? or * to list all spells.
Aiming: Freeze (safe; 4% risk of failure)
Press: ? - help, Shift-Dir - straight line, f/p - gnoll
Aim: a gnoll, wielding a whip (almost dead)
You freeze the gnoll.
You kill the gnoll!
The gnoll hits you with a flail.
You die...

#.#.######.# ####
#.#)# ∆ #.#.#
#.#.# ##.#.#### .#
#.......#####.#
#.....g.#.....#
#......g#.....#
#.......@.....#
#.......#.....#
#.......#.....##..
#.................
##########..####.
##...## ##..#
#..#..###...######
#)###..)..........
#..#..###...#.##.


You could see 2 gnolls.

Vanquished Creatures
  2 gnolls (D:2)
  An adder (D:2)
  An ooze (D:1)
  A leopard gecko (D:2)
  2 giant cockroaches
  3 goblins
  4 hobgoblins
  5 jackals (D:2)
  A quokka (D:2)
  7 bats
  A frilled lizard (D:1)
  4 kobolds
  A rat (D:1)
33 creatures vanquished.

Notes
Turn   | Place    | Note
-------+----------+-------------------------------------------
     0 | D:1      | wazuzu the Gnoll Wanderer began the quest for the Orb.
     0 | D:1      | wazuzu set off with: a +0 robe, a +0 dagger, a ration
     0 | D:1      | Reached XP level 1. HP: 13/13 MP: 6/6
     2 | D:1      | Learned a level 1 spell: Freeze
     4 | D:1      | Learned a level 1 spell: Magic Dart
   257 | D:1      | Reached XP level 2. HP: 12/20 MP: 0/7
  1062 | D:2      | Reached XP level 3. HP: 25/25 MP: 3/9
  1141 | D:2      | Reached skill level 5 in Spellcasting
  1450 | D:2      | Reached skill level 1 in Invocations
  1520 | D:2      | Reached skill level 1 in Fighting
  1520 | D:2      | Reached skill level 1 in Short Blades
  1520 | D:2      | Reached skill level 1 in Long Blades
  1520 | D:2      | Reached skill level 1 in Axes
  1520 | D:2      | Reached skill level 1 in Maces & Flails
  1520 | D:2      | Reached skill level 1 in Polearms
  1520 | D:2      | Reached skill level 1 in Staves
  1520 | D:2      | Reached skill level 1 in Slings
  1520 | D:2      | Reached skill level 1 in Bows
  1520 | D:2      | Reached skill level 1 in Crossbows
  1520 | D:2      | Reached skill level 1 in Armour
  1520 | D:2      | Reached skill level 1 in Dodging
  1520 | D:2      | Reached skill level 1 in Stealth
  1520 | D:2      | Reached skill level 1 in Shields
  1520 | D:2      | Reached skill level 1 in Unarmed Combat
  1520 | D:2      | Reached skill level 1 in Evocations
  1520 | D:2      | Reached XP level 4. HP: 23/32 MP: 2/11
  1534 | D:2      | Slain by a gnoll

Vault maps used:
D:1:      sevenhm_arrival_forest_fort_large_4

Skill      XL: |  1  2  3 |
---------------+----------+-----
Ice Magic      | 2 |  2.2
Spellcasting   | 5 |  5.0
Invocations    | 1 |  1.1
Fighting       | 1 |  1.0
Short Blades   | 1 |  1.0
Long Blades    | 1 |  1.0
Axes           | 1 |  1.0
Maces & Flails | 1 |  1.0
Polearms       | 1 |  1.0
Staves         | 1 |  1.0
Slings         | 1 |  1.0
Bows           | 1 |  1.0
Crossbows      | 1 |  1.0
Armour         | 1 |  1.0
Dodging        | 1 |  1.0
Stealth        | 1 |  1.0
Shields        | 1 |  1.0
Unarmed Combat | 1 |  1.0
Evocations     | 1 |  1.0
Throwing       | |  4.6
Conjurations   | |  0.8
Hexes          | |  0.8
Charms         | |  0.8
Summonings     | |  0.8
Necromancy     | |  3.8
Translocations | |  0.8
Transmutations | |  0.8
Fire Magic     | |  0.8
Air Magic      | |  0.8
Earth Magic    | |  5.4
Poison Magic   | |  0.8

Action                   |  1- 3 |  4- 6 || total
-------------------------+-------+-------++-------
Melee: Dagger            |     2 |     4 ||     6
       Bite              |       |     1 ||     1
 Cast: Magic Dart        |    67 |       ||    67
       Freeze            |    19 |     4 ||    23
  Eat: Chunk             |     2 |       ||     2
Armor: Robe              |     4 |       ||     4
Dodge: Dodged            |    15 |     3 ||    18

Table legend:
 A = Spawn XP
 B = Non-spawn XP
 C = Spawn XP percentage of total XP
 D = Spawn monster count
 E = Non-spawn monster count
 F = Spawn count percentage of total count
 G = Total turns spent on level
                    A         B        C        D         E        F      G
               +---------+---------+-------+---------+---------+-------+---------
         Total |       0 |      97 |   0.0 |       0 |      33 |   0.0 |  1534
               +---------+---------+-------+---------+---------+-------+---------
           D:1 |       0 |      28 |   0.0 |       0 |      16 |   0.0 |   957
           D:2 |       0 |      69 |   0.0 |       0 |      17 |   0.0 |   577
               +---------+---------+-------+---------+---------+-------+---------
